 Dungeon Crawl Stone Soup version 0.29.1-2-gbd0b4ee654 (webtiles) character file.

Game seed: 345269605462548471

2149 mortz the Sneak (level 8, -7/70 HPs)
             Began as a Demigod Brigand on Nov 21, 2022.
             Mangled by an orc warrior
             ... wielding a +0 battleaxe
              (13 damage)
             ... in a bailey.
             The game lasted 00:29:00 (9676 turns).

mortz the Sneak (Demigod Brigand)                   Turns: 9676, Time: 00:29:01

Health: -7/70      AC: 13    Str: 12    XL:     8   Next: 84%
Magic:  10/10      EV: 12    Int: 13    God:
Gold:   380        SH:  0    Dex: 28    Spells: 7/7 levels left

rFire   + . .      SeeInvis .   b - +2 battleaxe (flame)
rCold   . . .      Faith    .   (shield currently unavailable)
rNeg    + . .      Spirit   .   r - +0 scale mail
rPois   +          Reflect  .   B - +1 helmet
rElec   .          Harm     .   c - +1 cloak
rCorr   .          Rampage  .   E - +0 pair of gloves of a Hundred Ultimatums {rN+ Dex+5}
Will    .....                   H - +1 pair of boots
Stlth   +++.......              (no amulet)
HPRegen 0.21/turn               C - ring of poison resistance
MPRegen 0.12/turn               x - ring of protection from fire

@: mighty
A: high MP 1, forlorn, divine attributes
a: no special abilities


You were in a bailey.
You visited 1 branch of the dungeon, and saw 8 of its levels.
You also visited: Bailey.

You collected 380 gold pieces.

Inventory:

Hand Weapons
 a - a +2 dagger
 b - a +2 battleaxe of flaming (weapon)
 g - a +0 dagger
 p - a +0 rapier
Missiles
 d - 8 poisoned darts
 e - 3 curare-tipped darts
 q - 19 boomerangs (quivered)
Armour
 c - a +1 cloak (worn)
 k - a +0 robe
 r - a +0 scale mail (worn)
 w - a +2 leather armour of cold resistance
 B - a +1 helmet (worn)
 E - the +0 pair of gloves of a Hundred Ultimatums (worn) {rN+ Dex+5}
   (You found it on level 7 of the Dungeon)

   Dex:       It affects your dexterity (+5).
   rN:        It protects you from negative energy.
 H - a +1 pair of boots (worn)
Jewellery
 m - a ring of wizardry
 x - a ring of protection from fire (right hand)
 C - a ring of poison resistance (left hand)
 F - a ring of see invisible
Wands
 f - a wand of paralysis (1)
 u - a wand of light (20)
Scrolls
 h - a scroll of fear {unknown}
 i - 3 scrolls of teleportation
 n - 4 scrolls of poison {unknown}
 s - 3 scrolls of identify
 t - a scroll of amnesia
 v - a scroll of butterflies {unknown}
 y - 2 scrolls of magic mapping {unknown}
 A - a scroll of blinking {unknown}
 G - a scroll of enchant weapon {unknown}
Potions
 j - a potion of might
 l - a potion of mutation
 o - a potion of brilliance
 z - a potion of curing
 D - a potion of ambrosia


   Skills:
 + Level 6.0 Fighting
 - Level 1.7(3.9) Short Blades
 + Level 5.5(5.7) Long Blades
 - Level 1.7 Throwing
 + Level 5.1 Dodging
 + Level 6.7 Stealth


You had 7 spell levels left.
You didn't know any spells.
Your spell library contained the following spells:

 Spells                   Type           Power      Damage    Failure   Level
 Necrotise                Necr           0%         1d4       86%         1
 Shock                    Conj/Air       0%         1d3       86%         1
 Frozen Ramparts          Ice            0%         1d1       99%         3
 Swiftness                Air            0%         N/A       99%         3
 Vampiric Draining        Necr           0%         2d6       99%         3
 Airstrike                Air            0%         2d(0-16)  100%        4
 Ice Form                 Ice/Tmut       0%         N/A       100%        4
 Summon Ice Beast         Ice/Summ       0%         N/A       100%        4
 Agony                    Necr           0%         N/A       100%        5


Dungeon Overview and Level Annotations

Branches:
Dungeon (8/15) Zot: 26973  Temple (0/1) D:6          Bailey (1/1) Zot: 5681
   Lair: D:8-11

Shops:
D:3 (

Annotations:
D:5 1 runed translucent door, Dietz's ghost, novice VSBr


Innate Abilities, Weirdness & Mutations

You have an increased reservoir of magic. (+10% MP)
You shall have no god before yourself.
Your divine heritage dramatically boosts your attributes as you level up.


Message History

The orc warrior is lightly wounded.
You throw a boomerang.
The boomerang closely misses the orc warrior.
The boomerang hits the orc.
The orc is lightly wounded.
You hit the orc warrior. You burn the orc warrior.
The orc warrior is moderately wounded.
The orc warrior hits you with a +0 war axe!
You hit the orc warrior but do no damage.
The orc warrior is moderately wounded.
You closely miss the orc warrior. The orc warrior closely misses you.
The orc warrior hits you with a +0 battleaxe!
The orc warrior hits you with a +0 war axe.
You hit the orc warrior. You burn the orc warrior.
The orc warrior is heavily wounded.
You hit the orc warrior but do no damage.
You barely miss the orc.
The orc warrior hits you with a +0 war axe!
The orc closely misses you.
The orc warrior hits you with a +0 battleaxe!
* * * LOW HITPOINT WARNING * * *
The orc warrior hits you with a +0 battleaxe.
* * * LOW HITPOINT WARNING * * *
The orc misses you. The orc warrior barely misses you.
You feel very mighty all of a sudden.
You slash the orc! You burn the orc.
You kill the orc!
You slash the orc warrior! You burn the orc warrior.
A hobgoblin comes into view. It is wielding a +0 hand axe.
The orc warrior closely misses you. x2; The hobgoblin moves out of view.
You hit the orc warrior but do no damage.
You hit the orc warrior. You burn the orc warrior.
You kill the orc warrior!
You hear a splash. x2
The orc warrior hits you with a +0 battleaxe!
* * * LOW HITPOINT WARNING * * *
Your Fighting skill increases to level 6!
You closely miss the orc warrior.
The orc warrior hits you with a +0 battleaxe!
You die...

...'.....#....
...'.....#....
...'.....#...
...#....##8.8
..##....#~?.. . .##..)..#
|.. ... ##....)†## ~
###....
#.......)#########......8
#..8..8.).†'†...@o.......
#..........#~~~~)#.......
##.........#~~~~~#...8..8
##...8...##~~~~~##......
##.....##.......##....?
##...##.........##.$?#
#####♣♣♣.....♣♣♣ ####
♣♣♣∩♣♣♣


You could see an orc warrior.

Vanquished Creatures
  2 water moccasins
  3 orc warriors (Bailey)
  A black bear (D:6)
  3 ogres
  A sky beast (D:6)
  2 centaurs
  A bullfrog (D:6)
  A necrophage (D:6)
  7 scorpions
  3 hounds
  An orc priest (D:7)
  A gnoll bouda (D:7)
  An iguana (D:4)
  3 orc wizards
  Terence (D:3)
  7 gnolls
  8 adders
  2 worms
  3 dart slugs
  15 orcs
  9 bats
  4 endoplasms
  A giant cockroach (D:4)
  2 goblins
  5 hobgoblins
  9 jackals
  3 quokkas
  6 ball pythons
  5 frilled lizards
  15 kobolds
  3 rats
128 creatures vanquished.

Notes
Turn   | Place    | Note
-------+----------+-------------------------------------------
     0 | D:1      | mortz the Demigod Brigand began the quest for the Orb.
     0 | D:1      | Reached XP level 1. HP: 17/17 MP: 3/3
   235 | D:1      | Reached skill level 1 in Long Blades
   241 | D:1      | Reached XP level 2. HP: 16/24 MP: 4/4
  1699 | D:2      | Reached XP level 3. HP: 24/30 MP: 5/5
  2527 | D:2      | Reached skill level 1 in Dodging
  2799 | D:3      | Found Malemoci's Antique Weapon Shoppe.
  2833 | D:3      | Reached XP level 4. HP: 31/38 MP: 6/6
  2989 | D:3      | Noticed Terence
  3019 | D:3      | Killed Terence
  4007 | D:3      | Reached XP level 5. HP: 42/45 MP: 7/7
  4700 | D:4      | Noticed an ogre
  4711 | D:4      | Killed an ogre
  5395 | D:5      | Entered Level 5 of the Dungeon
  5511 | D:5      | Noticed an ogre
  5523 | D:4      | Reached XP level 6. HP: 40/52 MP: 8/8
  5750 | D:5      | Noticed Dietz's ghost (novice VSBr)
  6083 | D:5      | Found a runed translucent door.
  6083 | D:5      | Noticed a water moccasin
  6094 | D:5      | Killed a water moccasin
  6360 | D:5      | Reached XP level 7. HP: 53/59 MP: 9/9
  6394 | D:5      | Reached skill level 5 in Stealth
  7027 | D:6      | Found a staircase to the Ecumenical Temple.
  7777 | D:6      | Reached skill level 5 in Fighting
  7787 | D:6      | Reached XP level 8. HP: 57/68 MP: 10/10
  8401 | D:7      | Identified the +0 pair of gloves of a Hundred Ultimatums
                  | {rN+ Dex+5}
  8729 | D:7      | Reached skill level 5 in Long Blades
  9365 | D:8      | Found a flagged portal.
  9384 | Bailey   | Entered a bailey
  9389 | Bailey   | Noticed an orc warlord
  9398 | Bailey   | Reached skill level 5 in Dodging
  9676 | Bailey   | Mangled by an orc warrior

Illustrated notes

Levels and vault maps discovered:
D:1:      minmay_arrival_checkered_box, layout_basic,
          hellmonk_ecumenical_altar_pennies_from_heaven
D:2:      layout_loops_corners, basic_altar, chequers_jeans
D:3:      layout_basic, serial_shops, shop, minmay_quantized, uniq_terence
D:4:      layout_basic, serial_curves, eino_curves_04, eino_curves_04,
          eino_curves_04, kennysheep_generic_room_9
D:5:      layout_basic, kennysheep_orc_sif_temple,
          hellmonk_ghost_happy_afterlife
D:6:      layout_loops_ring, mainiacjoe_overflow_surrounded_room,
          minmay_temple_entry_trees, kennysheep_path_1,
          minmay_misc_feat_four_crosses, grunt_decor_one_mirror,
          grunt_decor_fettered
D:7:      layout_gridville, mainiacjoe_overflow_six_doors_small,
          mainiacjoe_overflow_brackets
D:8:      layout_basic, tgw_xom, mainiacjoe_overflow_chevrons, enter_bailey_6
Bailey:   bailey_axe_bossmonster_kennysheep, bailey

Skill      XL: |  1  2  3  4  5  6  7  8 |
---------------+-------------------------+-----
Fighting       | 2 3 4 5 6 |  6.0
Long Blades    | 1 2 3 4 5 |  5.5
Dodging        | 1 2 3 4 5 |  5.1
Stealth        | 4 5 6 |  6.7
Short Blades   | |  1.7
Throwing       | |  1.7

Action                   |  1- 3 |  4- 6 |  7- 9 || total
-------------------------+-------+-------+-------++-------
Melee: Dagger            |   137 |   113 |       ||   250
       Punch             |     1 |     1 |       ||     2
       Battleaxe         |       |    64 |   156 ||   220
Throw: Dart              |    10 |    15 |       ||    25
       Boomerang         |       |       |     4 ||     4
  Use: Scroll            |       |     7 |     3 ||    10
       Potion            |       |       |     1 ||     1
 Stab: Sleeping          |    13 |     5 |     4 ||    22
Armor: Robe              |    42 |     5 |       ||    47
       Scale mail        |       |    73 |   127 ||   200
Dodge: Dodged            |    63 |    89 |   148 ||   300
